 Dungeon Crawl Stone Soup version 0.26-a0-812-g31a745ddcd (webtiles) character file.

Game seed: 597980326562013070

464 Borgoz the Cudgeller (level 7, -2/60 HPs)
             Began as a Ghoul Monk on Dec 8, 2020.
             Was a Believer of Makhleb.
             Slain by MoonlitKnight's ghost (3 damage)
             ... on level 4 of the Dungeon.
             The game lasted 00:06:00 (4198 turns).

Borgoz the Cudgeller (Ghoul Monk)                   Turns: 4198, Time: 00:06:01

Health: -2/60      AC:  9    Str: 16    XL:     7   Next: 7%
Magic:  6/6        EV: 11    Int:  5    God:    Makhleb [**....]
Gold:   224        SH:  0    Dex: 12    Spells: 6/6 levels left

rFire    . . .     SeeInvis .   a - +0 mace
rCold    + . .     Faith    .   (no shield)
rNeg     + + +     Spirit   .   c - +0 ring mail
rPois    ∞         Reflect  .   (no helmet)
rElec    .         Harm     .   f - +1 cloak
rCorr    .         Rampage  .   (no gloves)
MR       .....                  n - +0 pair of boots
Stlth    ..........             (no amulet)
HPRegen  0.00/turn              e - ring of attention (curse)
MPRegen  0.10/turn              (no ring)

@: mighty
A: rotting body, claws 1, cold resistance 1, negative energy resistance 3,
inhibited regeneration, torment resistance, unbreathing
a: Minor Destruction, Renounce Religion


You were on level 4 of the Dungeon.
You worshipped Makhleb.
Makhleb was pleased with you.
You visited 2 branches of the dungeon, and saw 5 of its levels.

You collected 224 gold pieces.

Inventory:

Hand Weapons
 a - a +0 mace (weapon)
Armour
 c - a +0 ring mail (worn)
 f - a +1 cloak (worn)
 n - a +0 pair of boots (worn)
Jewellery
 e - a cursed ring of attention (left claw)
Wands
 k - a wand of iceblast (7)
Scrolls
 d - 5 scrolls of remove curse {unknown}
 g - a scroll of fear {unknown}
 i - 2 scrolls of enchant armour
 o - 2 scrolls of immolation
 r - a scroll of identify
Potions
 h - 3 potions of magic
 j - a potion of resistance
 l - a potion of flight
 m - 2 potions of curing {unknown}
 q - 3 potions of mutation {unknown}


   Skills:
 + Level 4.7 Fighting
 * Level 4.9 Maces & Flails
 * Level 3.9 Armour
 - Level 2.6 Dodging
 - Level 2.1 Stealth


You had 6 spell levels left.
You didn't know any spells.
Your spell library was empty.

Dungeon Overview and Level Annotations

Branches:
Dungeon (4/15)             Temple (1/1) D:4

Altars:
Cheibriados
Dithmenos
Elyvilon
Fedhas
Gozag
Hepliaklqana
Kikubaaqudgha
Makhleb
Nemelex Xobeh
Qazlal
Sif Muna
Trog
Uskayaw
Vehumet
Wu Jian
Xom
Yredelemnul
Zin
The Shining One

Annotations:
D:4 MoonlitKnight's ghost, amateur HOMo


Innate Abilities, Weirdness & Mutations

Your body is rotting away.
You thrive by killing the living.
You are immune to poison.
You have sharp fingernails.
Your flesh is cold resistant. (rC+)
You are immune to negative energy. (rN+++)
You do not regenerate when monsters are visible.
You are immune to unholy pain and torment.
You can survive without breathing.


Message History

MoonlitKnight's ghost closely misses you.
You hit MoonlitKnight's ghost but do no damage.
MoonlitKnight's ghost is almost destroyed.
MoonlitKnight's ghost hits you.
* * * LOW HITPOINT WARNING * * *
You hit MoonlitKnight's ghost but do no damage.
MoonlitKnight's ghost is almost destroyed.
MoonlitKnight's ghost hits you!
* * * LOW HITPOINT WARNING * * *
MoonlitKnight's ghost hits you but does no damage.
You hit MoonlitKnight's ghost but do no damage.
MoonlitKnight's ghost is almost destroyed.
MoonlitKnight's ghost hits you.
* * * LOW HITPOINT WARNING * * *
You feel very mighty all of a sudden. MoonlitKnight's ghost hits you.
* * * LOW HITPOINT WARNING * * *
It was a potion of magic.
Magic courses through your body. MoonlitKnight's ghost hits you.
You die...

#..# #.#.....>.....#
##.#
#########....#....##..#
#.#
#......#....#....#..#.#
#.#
#.####......#..#.#....#
#.# #.#
###.....##...#...# #.#
#.# ##.##........#.#
#.# #.#
####§##..#####...# #.#
#.# §§#§§##.## ###.#
#.# #.# §§W@§§...# #.#
#.####.# §§#§§§.#.#
##)## #......#
####§§§<#.# #...##
#..##### #.......#.#
#..... #..# #.......#.#
#...## #).# #.......#.#
##### #..# #.......#.#
#..# #.#######.#
#..#######.# #.#


You could see MoonlitKnight's ghost.

Vanquished Creatures
  2 ogres (D:4)
  A howler monkey (D:4)
  An orc wizard (D:4)
  Crazy Yiuf (D:4)
  An orc priest (D:3)
  A worker ant (D:4)
  2 adders
  A white imp (D:4)
  2 oozes
  2 adder skeletons
  A worm (D:3)
  4 dart slugs
  5 leopard geckos
  9 orcs
  A ball python (D:3)
  8 bats
  A giant cockroach (D:1)
  5 goblins
  7 hobgoblins
  5 jackals
  2 quokkas (D:3)
  5 frilled lizards
  10 kobolds
  3 rats
80 creatures vanquished.

Notes
Turn   | Place    | Note
-------+----------+-------------------------------------------
     0 | D:1      | Borgoz the Ghoul Monk began the quest for the Orb.
     0 | D:1      | Reached XP level 1. HP: 19/19 MP: 0/0
   438 | D:1      | Reached XP level 2. HP: 26/26 MP: 1/1
   584 | D:1      | Reached skill level 1 in Armour
   957 | D:1      | Reached XP level 3. HP: 29/31 MP: 2/2
  1837 | D:3      | Reached XP level 4. HP: 40/40 MP: 3/3
  2065 | D:3      | Found a radiant altar of Vehumet.
  2338 | D:3      | Reached XP level 5. HP: 46/46 MP: 4/4
  2773 | D:4      | Found a bloodstained altar of Trog.
  2823 | D:4      | Found a staircase to the Ecumenical Temple.
  2833 | D:4      | Found a runed translucent door.
  2834 | D:4      | Noticed MoonlitKnight's ghost (amateur HOMo)
  2841 | Temple   | Entered the Ecumenical Temple
  3052 | Temple   | Became a worshipper of Makhleb the Destroyer
  3052 | Temple   | Reached * piety under Makhleb
  3052 | Temple   | Reached ** piety under Makhleb
  3174 | D:4      | Noticed an ogre
  3185 | D:4      | Killed an ogre
  3185 | D:4      | Reached XP level 6. HP: 53/53 MP: 5/5
  3431 | D:4      | Found a runed translucent door.
  3432 | D:4      | Noticed Crazy Yiuf
  3907 | D:4      | Killed Crazy Yiuf
  3907 | D:4      | Reached XP level 7. HP: 26/60 MP: 3/6
  4172 | D:4      | HP: 1/60 [MoonlitKnight's ghost (7)]
  4197 | D:4      | HP: 1/60 [MoonlitKnight's ghost (5)]
  4198 | D:4      | Slain by MoonlitKnight's ghost

Illustrated notes

Levels and vault maps discovered:
D:1:      co_arrival_square_in_a_square_in_a_square, layout_basic
D:2:      layout_basic, chequers_avenue
D:3:      layout_rooms, lemuel_crystal_altar
D:4:      layout_loops_ring, minmay_temple_entry_mini_moons,
          ebering_ghost_inner_flame, nrook_mini_backslash, trog_butcher_becter,
          uniq_crazy_yiuf_cottage
Temple:   hc_temple_tempest_star

Skill      XL: |  1  2  3  4  5 |
---------------+----------------+-----
Maces & Flails | 3 4 |  4.9
Armour         | 1 2 3 |  3.9
Fighting       | 4 |  4.7
Dodging        | |  2.6
Stealth        | |  2.1

Action                   |  1- 3 |  4- 6 |  7- 9 || total
-------------------------+-------+-------+-------++-------
Melee: Mace              |   104 |   211 |    50 ||   365
  Use: Scroll            |       |     4 |       ||     4
       Potion            |       |     1 |     5 ||     6
Armor: Ring mail         |    49 |    98 |    12 ||   159
Dodge: Dodged            |    66 |   129 |    23 ||   218

Table legend: (Time is in decaauts)
 A = Elapsed time spent in this place.
 B = Non-inter-level travel time spent in this place.
 C = Inter-level travel time spent in this place.
 D = Time resting spent in this place.
 E = Time spent auto-exploring this place.
 F = Levels seen in this place.
 G = Mean time per level.
                   A        B        C        D        E       F      G
               +--------+--------+--------+--------+--------+-----+--------+
         Total |   4251 |   3980 |    271 |    775 |   2474 |   5 |  850.2 |
       Dungeon |   4027 |   3792 |    235 |    775 |   2288 |   4 | 1006.8 |
        Temple |    223 |    187 |     36 |      0 |    186 |   1 |  223.0 |
               +--------+--------+--------+--------+--------+-----+--------+

Top non-repeatable levels by time:
     D:4: 1542 daAuts
     D:1: 1163 daAuts
     D:2: 690 daAuts
     D:3: 630 daAuts
  Temple: 223 daAuts
